 Dungeon Crawl Stone Soup version 0.30-a0-42-g806c11bf1d (webtiles) character file.

Game seed: 17138852528064505285

46 SensoryNuts the Trooper (level 3, -4/33 HPs)
             Began as a Minotaur Fighter on Aug 30, 2022.
             Killed from afar by Natasha (7 damage)
             ... with a bolt of dispelling energy
             ... on level 2 of the Dungeon.
             The game lasted 00:01:11 (1148 turns).

SensoryNuts the Trooper (Minotaur Fighter)          Turns: 1148, Time: 00:01:12

Health: -4/33      AC:  9    Str: 20    XL:     3   Next: 44%
Magic:  2/2        EV:  9    Int:  5    God:
Gold:   69         SH:  4    Dex: 11    Spells: 2/2 levels left

rFire   + . .      SeeInvis +    a - +0 long sword
rCold   + . .      Faith    .    c - +0 buckler
rNeg    . . .      Spirit   .    b - +0 scale mail
rPois   .          Reflect  .    l - +2 hat {SInv}
rElec   .          Harm     .    h - scarf {rC+ rF+}
rCorr   .          Rampage  .    (no gloves)
Will    .....                    (no boots)
Stlth   ..........               (no amulet)
HPRegen 0.11/turn                (no ring)
MPRegen 0.08/turn                (no ring)

@: mighty
A: horns 2, retaliatory headbutt
a: no special abilities


You were on level 2 of the Dungeon.
You visited 1 branch of the dungeon, and saw 2 of its levels.

You collected 69 gold pieces.

Inventory:

Hand Weapons
 a - a +0 long sword (weapon)
Armour
 b - a +0 scale mail (worn)
 c - a +0 buckler (worn)
 h - a scarf of resistance (worn)
 l - a +2 hat of see invisible (worn)
Scrolls
 e - a scroll of summoning {unknown}
 f - a scroll of enchant armour {unknown}
 g - a scroll of fog {unknown}
 j - a scroll of teleportation {unknown}
 k - a scroll of identify {unknown}
Potions
 i - 2 potions of flight {unknown}
 m - a potion of degeneration {unknown}
 n - a potion of heal wounds {unknown}


   Skills:
 + Level 4.2 Fighting
 * Level 3.3 Long Blades
 + Level 4.1 Armour
 + Level 4.0 Shields


You had 2 spell levels left.
You didn't know any spells.
Your spell library contained the following spells:

 Spells                   Type           Power      Damage    Failure   Level
 Blink                    Tloc           0%         N/A       96%         2
 Lesser Beckoning         Tloc           0%         N/A       99%         3
 Manifold Assault         Tloc           0%         N/A       100%        5


Dungeon Overview and Level Annotations

Branches:
Dungeon (2/15)

Altars:

Annotations:
D:2 Natasha


Innate Abilities, Weirdness & Mutations

You have a pair of horns on your head.
You reflexively headbutt those who attack you in melee.


Message History

Natasha casts a spell at you. The magic dart hits you.
Natasha is nearby!
Natasha is nearby!
Natasha stares at you and mumbles some strange words.
The magic dart hits you.
You see here a dark potion.
Natasha stares at you and mumbles some strange words.
The magic dart hits you. Natasha casts a spell at you.
You feel yourself slow down.
You barely miss Natasha. You block Natasha's attack. Natasha barely misses you.
You barely miss Natasha.
Natasha mumbles some strange words.
Natasha zaps a wand.
The bolt of dispelling energy hits you!
Your magical effects are unravelling.
* * * LOW HITPOINT WARNING * * *
You are too injured to fight recklessly!
You are too injured to fight recklessly!
You are too injured to fight recklessly!
You are too injured to fight recklessly!
You are too injured to fight recklessly!
You are too injured to fight recklessly!
You are too injured to fight recklessly!
You are too injured to fight recklessly!
You are too injured to fight recklessly!
You are too injured to fight recklessly!
You are too injured to fight recklessly!
You are too injured to fight recklessly!
You are too injured to fight recklessly!
You are too injured to fight recklessly!
You feel very mighty all of a sudden.
You feel yourself speed up. The white imp gestures at you.
The puff of frost hits you. You resist.
* * * LOW HITPOINT WARNING * * *
Natasha claws you but does no damage.
You closely miss Natasha.
Natasha zaps a wand.
The bolt of dispelling energy hits you!
Your magical effects are unravelling.
You die...

#. #.############
###............#
#.........####.######
#.........#..........
#......!..#.........#
#.........#.........#
#.........#....†....#
#...@.....####.#.####
#..h......# #.#.....
#.........# #.#..###
#..5......# #.#....<
#.........# #.#.####
#.........####.......
#####....##...)..####
....##).........
..>.........####


You could see Natasha and a white imp (summoned).

Vanquished Creatures
  An adder (D:2)
  A dart slug (D:2)
  2 bats (D:1)
  2 endoplasms
  A goblin (D:1)
  2 hobgoblins
  4 jackals (D:1)
  2 quokkas
  8 ball pythons
  2 frilled lizards (D:2)
  7 kobolds
  A rat (D:1)
33 creatures vanquished.

Notes
Turn   | Place    | Note
-------+----------+-------------------------------------------
     0 | D:1      | SensoryNuts the Minotaur Fighter began the quest for the
                  | Orb.
     0 | D:1      | Reached XP level 1. HP: 19/19 MP: 0/0
   206 | D:1      | Reached XP level 2. HP: 23/27 MP: 1/1
   304 | D:1      | Found a faded altar of an unknown god.
   727 | D:2      | Reached XP level 3. HP: 22/33 MP: 2/2
  1140 | D:2      | Noticed Natasha
  1148 | D:2      | Killed from afar by Natasha

Illustrated notes

Levels and vault maps discovered:
D:1:      co_arrival_random_square_maze, layout_basic,
          ebering_ecumenical_altar_mist, hangedman_decor_clover_reticule
D:2:      layout_basic, uniq_natasha

Skill      XL: |  1  2 |
---------------+-------+-----
Fighting       | 4 |  4.2
Armour         | 4 |  4.1
Long Blades    | 3 |  3.3
Shields        | 4 |  4.0

Action                   || total
-------------------------++-------
Melee: Long sword        ||    65
       Headbutt          ||     6
  Use: Potion            ||     1
Armor: Scale mail        ||    29
Dodge: Dodged            ||    29
Block: Buckler           ||    15

Table legend: (Time is in decaauts)
 A = Elapsed time spent in this place.
 B = Non-inter-level travel time spent in this place.
 C = Inter-level travel time spent in this place.
 D = Time resting spent in this place.
 E = Time spent auto-exploring this place.
 F = Levels seen in this place.
 G = Mean time per level.
                   A        B        C        D        E       F      G
               +--------+--------+--------+--------+--------+-----+--------+
         Total |   1168 |   1157 |     11 |      0 |    912 |   2 |  584.0 |
       Dungeon |   1168 |   1157 |     11 |      0 |    912 |   2 |  584.0 |
               +--------+--------+--------+--------+--------+-----+--------+

Top non-repeatable levels by time:
     D:1: 704 daAuts
     D:2: 464 daAuts
